 Dungeon Crawl Stone Soup version 0.31.0-4-g52a2dc7128 (webtiles) character file.

Game seed: 15161649820143192248

105 Skitler the Chopper (level 4, -5/34 HPs)
             Began as a Demonspawn Gladiator on Jan 23, 2024.
             Killed by divine providence
             ... invoked by an orc priest
              (17 damage)
             ... on level 3 of the Dungeon.
             The game lasted 00:06:24 (3544 turns).

Skitler the Chopper (Demonspawn Gladiator)          Turns: 3544, Time: 00:06:26

Health: -5/34      AC:  5    Str: 12 (14) XL:     4   Next: 54%
Magic:  5/5        EV: 17    Int:  7 (10) God:
Gold:   88         SH:  0    Dex: 13 (15) Spells: 5/5 levels left

rFire   . . .        a - +0 war axe
rCold   . . .        (no shield)
rNeg    . . .        b - +0 leather armour
rPois   .            c - +0 helmet
rElec   .            (no cloak)
rCorr   .            k - +0 pair of gloves
SInv    .            (no boots)
Will    .....        (no amulet)
Stlth   +            m - +5 ring of evasion
HPRegen 0.25/turn    (no ring)
MPRegen 0.09/turn

%: no passive effects
@: no status effects
A: hooves 2
a: no special abilities


You were on level 3 of the Dungeon.
You visited 1 branch of the dungeon, and saw 4 of its levels.

You collected 88 gold pieces.

Inventory:

Hand Weapons
 a - a +0 war axe (weapon)
Missiles
 d - 2 throwing nets (quivered)
 e - a javelin
Armour
 b - a +0 leather armour (worn)
 c - a +0 helmet (worn)
 k - a +0 pair of gloves (worn)
Jewellery
 m - a +5 ring of evasion (left hand)
Scrolls
 n - a scroll of revelation {unknown}
 o - 2 scrolls of identify {unknown}
 p - a scroll of poison {unknown}
 s - a scroll of torment {unknown}
Potions
 f - a potion of might {unknown}
 g - 2 potions of resistance {unknown}
 h - a potion of degeneration
 i - 2 potions of mutation {unknown}
 j - a potion of lignification {unknown}
 l - a potion of attraction {unknown}
 q - a potion of brilliance {unknown}
 r - a potion of haste {unknown}


   Skills:
 + Level 2.5 Fighting
 + Level 4.0 Axes
 - Level 1.7 Throwing
 - Level 2.7 Dodging
 * Level 1.0 Spellcasting
 * Level 1.5 Hexes


You had 5 spell levels left.
You didn't know any spells.
Your spell library contained the following spells:

 Spells                   Type           Power      Damage    Failure   Level
 Lesser Beckoning         Tloc           0%         N/A       63%         2
 Tukima's Dance           Hex            2%         N/A       65%         3
 Gell's Gravitas          Tloc           0%         N/A       85%         3
 Teleport Other           Tloc           0%         N/A       85%         3
 Passage of Golubria      Tloc           0%         N/A       99%         4
 Yara's Violent Unravell  Hex/Alch       0%         3d3       100%        5


Dungeon Overview and Level Annotations

Branches:
Dungeon (4/15)
 Temple: D:4-7

Altars:
Qazlal

Shops:
D:1 (   D:3 [


Innate Abilities, Weirdness & Mutations

You have hoof-like feet.


Message History

You closely miss the orc. The orc hits you but does no damage.
The orc wizard misses you.
You closely miss the orc wizard. You barely miss the orc.
The orc throws a boomerang.
The boomerang barely misses you. The orc hits you but does no damage.
The orc wizard hits you but does no damage.
You closely miss the orc wizard. You closely miss the orc.
The orc throws a boomerang.
The boomerang misses you. The orc hits you with a +0 dagger.
The orc wizard closely misses you.
You closely miss the orc wizard. You hit the orc priest.
You barely miss the orc.
The orc throws a boomerang.
The boomerang closely misses you. The orc misses you.
The orc priest barely misses you.
The orc wizard casts a spell.
The orc wizard flickers and vanishes!
Deactivating autopickup; reactivate with Ctrl-A.
The orc hits you with a +0 dagger. Something hits you but does no damage.
The orc priest closely misses you.
The orc throws a boomerang.
The boomerang barely misses you. The orc hits you with a +0 dagger.
You hear some strange, mumbled words.
Something tries to affect you, but you resist.
There is a stone staircase leading up here.
The orc priest calls down the wrath of Beogh upon you.
Pain shoots through your body!
You climb upwards.
Reactivating autopickup.
There is a stone staircase leading down here.
You hit the orc priest but do no damage.
You kick the orc priest.
The orc priest is lightly wounded.
You barely miss the orc. The orc priest closely misses you.
The orc hits you with a +0 dagger.
You barely miss the orc priest.
The orc priest is lightly wounded.
You closely miss the orc.
The orc priest calls down the wrath of Beogh upon you.
Beogh smites you!
Ouch! That really hurt!
You die...

#.###.##.#.#..............#
#.#<#.##...#.#.#.#.#.#.#..#
#.#.#.###.##..............#
#.#.#.# #.##..#.#.#.#.#.).#
#.#...# #....#............#
#.########..##.#.#.#.#....#
##.....................#####
.....).......#..o.......#
.##..........#..@.......#
.##..........#..o.......#
###..........#..........#
[.+..........#..........#
###..........###.########
#..........# #.#
#..........# #.#
#..........# #.#
########'### #.#


You could see an orc priest and an orc.

Vanquished Creatures
  Robin (D:3)
  3 adders
  A white imp (D:3)
  A ribbon worm (D:2)
  3 bats (D:2)
  7 endoplasms
  A giant cockroach (D:1)
  13 goblins
  6 hobgoblins
  2 quokkas (D:2)
  3 ball pythons
  4 frilled lizards
  6 kobolds
  2 rats
53 creatures vanquished.

Notes
Turn   | Place    | Note
-------+----------+-------------------------------------------
     0 | D:1      | Skitler the Demonspawn Gladiator began the quest for the
                  | Orb.
     0 | D:1      | Reached XP level 1. HP: 16/16 MP: 1/1
    45 | D:1      | Found a faded altar of an unknown god.
   235 | D:1      | Reached skill level 3 in Axes
   235 | D:1      | Gained mutation: You have large cloven feet. [demonic
                  | ancestry]
   235 | D:1      | Reached XP level 2. HP: 18/22 MP: 2/2
   409 | D:1      | Found Wyunoam's Weapon Boutique.
   853 | D:2      | Reached skill level 1 in Hexes
   853 | D:2      | Gained mutation: You have hoof-like feet. [demonic
                  | ancestry]
   853 | D:2      | Reached XP level 3. HP: 27/27 MP: 2/4
  1343 | D:3      | Found a stormy altar of Qazlal.
  1386 | D:3      | Found Pottiuqi's Antique Armour Shoppe.
  1418 | D:3      | Noticed Robin
  1436 | D:3      | Reached XP level 4. HP: 21/34 MP: 5/5
  1445 | D:3      | Killed Robin
  3204 | D:3      | Reached skill level 4 in Axes
  3204 | D:3      | Reached skill level 1 in Spellcasting
  3544 | D:3      | Killed from afar by an orc priest

Illustrated notes

Levels and vault maps discovered:
D:1:      grunt_arrival_lava_bath, layout_loops_cross,
          ebering_ecumenical_altar_box, serial_shops, shop
D:2:      layout_loops_ring, serial_rivers, chequers_serial_rivers_small_3,
          chequers_serial_rivers_micro_d, chequers_serial_rivers_micro_a,
          chequers_serial_rivers_micro_e
D:3:      layout_basic, mainiacjoe_overflow_small_starburst, serial_shops, shop,
          hex_medium, uniq_robin
D:4:      layout_cave_pools, minmay_misc_feat_tiny

Skill      XL: |  1  2  3  4 |
---------------+-------------+-----
Axes           | 3 4 |  4.0
Hexes          | 1 |  1.5
Spellcasting   | 1 |  1.0
Fighting       | |  2.5
Throwing       | |  1.7
Dodging        | |  2.7

Action                     |  1- 3 |  4- 6 || total
---------------------------+-------+-------++-------
  Melee: War axe           |   103 |    47 ||   150
         Kick              |    13 |    13 ||    26
  Throw: Throwing net      |     1 |       ||     1
    Use: Scroll            |     3 |       ||     3
         Potion            |       |     1 ||     1
 Armour: Leather armour    |    51 |    28 ||    79
  Dodge: Dodged            |    86 |    41 ||   127
